 Dungeon Crawl Stone Soup version 0.24-a0-93-ge1bfdf8 (console) character file.

Game seed: 1046707533436386720

6 Duffy the Sneak (level 1, 0/15 HPs)
             Began as a Naga Fire Elementalist on Feb 11, 2019.
             Slain by a goblin (3 damage)
             ... on level 2 of the Dungeon.
             The game lasted 00:00:21 (289 turns).

Duffy the Sneak (Naga Fire Elementalist)             Turns: 289, Time: 00:00:22

Health: 0/15       AC:  2    Str: 10    XL:     1   Next: 90%
Magic:  3/3        EV:  8    Int: 15    God:
Gold:   9          SH:  0    Dex: 11    Spells: 3/4 levels left

rFire    . . .     SeeInvis +   c - ration
rCold    . . .     Gourm    .   (no shield)
rNeg     . . .     Faith    .   a - +0 robe
rPois    +         Spirit   .   (no helmet)
rElec    .         Reflect  .   d - +0 cloak
rCorr    .         Harm     .   (no gloves)
MR       .....                  (no barding)
Stlth    ++........             (no amulet)
HPRegen  0.05/turn              f - -2 ring of evasion (curse)
MPRegen  0.08/turn              (no ring)

@: short of breath, very slow
A: large, see invisible, deformed body, poison resistance, slowness 2, slow
metabolism 1, spit poison 1, AC +0
a: Spit Poison


You were on level 2 of the Dungeon.
You were not hungry.

You visited 1 branch of the dungeon, and saw 3 of its levels.

You collected 9 gold pieces.

Inventory:

Armour
 a - a +0 robe (worn)
 d - a +0 cloak (worn)
Jewellery
 f - a cursed -2 ring of evasion (left hand)
Scrolls
 h - 2 scrolls of immolation {unknown}
Potions
 b - 2 potions of haste {unknown}
 e - a potion of heal wounds {unknown}
Comestibles
 c - a ration (in hand)
 g - 2 chunks of flesh


   Skills:
 - Level 1.5 Dodging
 - Level 3.0 Stealth
 - Level 2.0 Spellcasting
 + Level 1.9 Conjurations
 - Level 3.0 Fire Magic


You had 3 spell levels left.
You knew the following spells:

 Your Spells              Type           Power        Failure   Level  Hunger
h - Flame Tongue          Conj/Fire      #....        9%          1    #......

Your spell library contained the following spells:

 Spells                   Type           Power        Failure   Level  Hunger
 Throw Flame              Conj/Fire      #.....       12%         2    ###....
 Conjure Flame            Conj/Fire      #.......     24%         3    ###....
 Inner Flame              Hex/Fire       #.......     34%         3    ###....
 Sticky Flame             Conj/Fire      #.......     63%         4    #####..
 Fireball                 Conj/Fire      #.........   92%         5    ######.


Dungeon Overview and Level Annotations

Branches:
Dungeon (3/15)

Altars:


Innate Abilities, Weirdness & Mutations

You cannot wear boots.
Your serpentine skin is tough. (AC +0)
You have supernaturally acute eyesight. (SInv)
Armour fits poorly on your strangely shaped body.
Your system is resistant to poisons. (rPois)
You cover ground very slowly.
You have a slow metabolism.
You can spit poison.


Message History

You have got your breath back.
h - 2 scrolls labeled ROOREU IHACASE
Found a stone staircase leading down.
There is a stone staircase leading down here.
You climb downwards. 2 goblins and 3 orcs come into view.
The orc shouts!
The goblin shouts!
The orc shouts! x2; The goblin shouts!
Found 38 gold pieces, a scroll labeled QAOMYA HIT CUJ and a ration.
There is a stone staircase leading up here.
The orc hits you with a +0 whip. The goblin misses you.
The orc hits you but does no damage.
You climb upwards.
There is a stone staircase leading down here.
Press: ? - help, Shift-Dir - straight line, f - orc
Aim: an orc, wielding a +0 whip The splash of poison hits the orc.
The orc is poisoned.
The orc is moderately wounded.
You feel slightly more hungry. The orc hits you with a +0 whip.
The orc hits you with a +0 short sword. The goblin hits you.
You die...

#.......#
#.......# .....
#)......###.....
#..............
#............#
#............#
#............+
#........g...#####
#........o@o......
#.#...............
#.....############
#####.# #+#


You could see 2 orcs and a goblin.

Vanquished Creatures
  A goblin (D:1)
  2 hobgoblins
  A frilled lizard (D:1)
  2 kobolds (D:1)
6 creatures vanquished.

Notes
Turn   | Place    | Note
-------+----------+-------------------------------------------
     0 | D:1      | Duffy the Naga Fire Elementalist began the quest for the
                  | Orb.
     0 | D:1      | Reached XP level 1. HP: 15/15 MP: 3/3
   289 | D:2      | Slain by a goblin

Levels and vault maps discovered:
D:1:      wander_arrival_estate, layout_basic, cheibriados_altar_1
D:2:      layout_basic, chequers_serial_rivers_large_a
D:3:      layout_rooms, serial_corexii_hall, corexii_hall_statues_x,
          corexii_hall_statues_i, hex_large

Action                   || total
-------------------------++-------
 Cast: Flame Tongue      ||     2
 Abil: Spit Poison       ||     5
Armor: Robe              ||     3
Dodge: Dodged            ||     7

Table legend:
 A = Non-vault XP
 B = Vault XP
 C = Vault XP percentage of total XP
 D = Non-vault monster count
 E = Vault monster count
 F = Vault count percentage of total count
                 A         B        C        D         E       F
            +---------+---------+-------+---------+---------+-------
      Total |       9 |       0 |   0.0 |       6 |       0 |   0.0
            +---------+---------+-------+---------+---------+-------
        D:1 |       7 |       0 |   0.0 |       5 |       0 |   0.0
        D:2 |       2 |       0 |   0.0 |       1 |       0 |   0.0
            +---------+---------+-------+---------+---------+-------
